 Dungeon Crawl Stone Soup version 0.31.0-11-ge490571c62 (webtiles) character file.

Game seed: 2102406036855991270

60 Gadfly the Ruffian (level 3, -4/40 HPs)
             Began as a Demonspawn Shapeshifter on Jan 27, 2024.
             Slain by a gnoll
             ... wielding a +0 halberd
              (7 damage)
             ... on level 2 of the Dungeon.
             The game lasted 00:01:55 (1332 turns).

Gadfly the Ruffian (Demonspawn Shapeshifter)        Turns: 1332, Time: 00:01:56

Health: -4/40      AC: 21    Str: 16    XL:     3   Next: 80%
Magic:  3/3        EV:  2    Int: 10    God:
Gold:   113        SH:  0    Dex: 12    Spells: 2/2 levels left

rFire   + .          .
                       - Unarmed
rCold   . . .        (no shield)
rNeg    + . .        a - melded +1 animal skin
rPois   +            (helmet currently unavailable)
rElec   .            (cloak currently unavailable)
rCorr   .            (gloves currently unavailable)
SInv    .            (boots currently unavailable)
Will    .....        (no amulet)
Stlth   +            i - ring of protection from fire
HPRegen 0.26/turn    j - ring of positive energy
MPRegen 0.08/turn

%: no passive effects
@: lethally poisoned (-4 -> -7), tree-form
A: stationary, stasis, torment immunity, boosted hp, (antennae 2)
a: no special abilities


You were on level 2 of the Dungeon.
You were a tree.
You visited 1 branch of the dungeon, and saw 2 of its levels.

You collected 113 gold pieces.

Inventory:

Hand Weapons
 f - a +3 dagger of holy wrath
Armour
 a - a +1 animal skin (melded)
Jewellery
 e - a ring of protection from fire
 i - a ring of protection from fire (left branch)
 j - a ring of positive energy (right branch)
Talismans
 c - a beast talisman
 d - a flux talisman
Scrolls
 g - a scroll of enchant armour
Potions
 b - a potion of lignification
 l - a potion of resistance {unknown}
 m - a potion of curing {unknown}


   Skills:
 + Level 1.7 Fighting
 * Level 2.4 Dodging
 + Level 3.0 Unarmed Combat
 * Level 1.7 Evocations
 + Level 2.9 Shapeshifting


You had 2 spell levels left.
You didn't know any spells.
Your spell library was empty.

Dungeon Overview and Level Annotations

Branches:
Dungeon (2/15)

Altars:


Innate Abilities, Weirdness & Mutations

You are a tree.
Your roots penetrate the ground, keeping you stationary.
You cannot be teleported.
You are immune to unholy pain and torment.
Your maximum health is greatly increased.
Your equipment is partially melded.
((You have a pair of antennae on your head.))


Message History

There is a faded altar of an unknown god here.
Things that are here:
a +0 club; a +0 robe
As you read the scroll labelled VOGUEH USCHEDIWN, it crumbles to dust.
It is a scroll of enchant weapon.
Your +2 dagger of holy wrath glows red for a moment.
You sense a monster nearby.
e - a ring of protection from fire
Found a stone staircase leading up.
You open the door. 2 gnolls and an adder come into view.
A gnoll is wielding a +0 heavy flail.
The adder hisses angrily.
The gnoll shouts!
Found a hand axe and a scroll of identify. 2 gnolls come into view.
The gnoll shouts! x2
The gnoll hits you from afar with a +0 halberd!
There is an open door, spattered with blood here.
Found 9 gold pieces.
The gnoll completely misses you.
You hit the adder but do no damage. The adder bites you.
You are poisoned.
The adder poisons you!
A goblin comes into view. It is wielding a +0 dagger.
The gnoll hits you with a +0 halberd.
The goblin shouts!
You hit the gnoll.
The gnoll is moderately wounded.
You feel sick.
You hear an angry hiss.
The adder bites you. The gnoll barely misses you.
The gnoll hits you with a +0 halberd!
* * * LOW HITPOINT WARNING * * *
The adder closely misses you.
Your transformation has ended.
You turn into a tree.
Your +1 animal skin melds into your body.
Your roots penetrate the ground.
* * * LOW HITPOINT WARNING * * *
You feel sick.
The gnoll hits you but does no damage. x2
The gnoll hits you from afar with a +0 halberd!
You die...

#.#..#.#<......§#
..........>.)#.§#
.#..........#.##
+..........#.#
#.....##.#.#.#
#.##.....##.#.#.##
#......####.#.#..#
######'####.#.##.#
#....♣..##.#....#
#..?gSg.##<#.####
#...gg..##.###
#.......+ {
#.......#
#.g.....#
#.......#
#......$#


You could see 4 gnolls, an adder and a goblin.

Vanquished Creatures
  Jessica (D:2)
  A dart slug (D:1)
  4 endoplasms (D:1)
  3 goblins (D:1)
  3 hobgoblins (D:1)
  3 kobolds (D:1)
  3 quokkas (D:1)
  3 ball pythons (D:1)
  3 bats (D:1)
  2 frilled lizards (D:1)
  3 rats (D:1)
29 creatures vanquished.

Notes
Turn   | Place    | Note
-------+----------+-------------------------------------------
     0 | D:1      | Gadfly the Demonspawn Shapeshifter began the quest for the
                  | Orb.
     0 | D:1      | Reached XP level 1. HP: 15/15 MP: 1/1
    99 | D:1      | Gained mutation: You have a pair of small antennae on your
                  | head. [demonic ancestry]
    99 | D:1      | Reached XP level 2. HP: 13/21 MP: 2/2
   276 | D:1      | Reached skill level 1 in Evocations
   788 | D:1      | Gained mutation: You have a pair of antennae on your head.
                  | [demonic ancestry]
   788 | D:1      | Reached XP level 3. HP: 26/26 MP: 3/3
  1268 | D:2      | Noticed Jessica
  1268 | D:2      | Found a faded altar of an unknown god.
  1274 | D:2      | Killed Jessica
  1275 | D:2      | Reached skill level 3 in Unarmed Combat
  1332 | D:2      | Slain by a gnoll

Illustrated notes

Levels and vault maps discovered:
D:1:      amcnicky_arrival_choice, layout_loops_corners, chequers_arboretum
D:2:      layout_basic, ebering_ecumenical_altar_mist, uniq_robin, uniq_jessica,
          uniq_natasha, uniq_terence

Skill      XL: |  1  2  3 |
---------------+----------+-----
Dodging        | 2 |  2.4
Evocations     | 1 |  1.7
Unarmed Combat | 3 |  3.0
Fighting       | |  1.7
Shapeshifting  | |  2.9

Action                     || total
---------------------------++-------
  Melee: Unarmed           ||    92
    Use: Scroll            ||     5
         Potion            ||     1
   Stab: Sleeping          ||     1
 Armour: Animal skin       ||    44
         Skin              ||     3
  Dodge: Dodged            ||    48
